[Event "Titled Tuesday Blitz May 9 Early 2023"]
[White "Zhigalko, Sergei"]
[Black "Zhu, Jiner"]
[WhiteFideId "13502956"]
[BlackFideId "8608059"]
[WhiteElo "2626"]
[BlackElo "2384"]
[Result "1-0"]
[Round "06"]
[TimeControl "180+2"]
[Date "2023.05.09"]
[WhiteClock "0:00:04"]
[BlackClock "0:00:00"]

1. e4 e5 2. Nf3 Nc6 3. Bc4 Bc5 4. b4 Bb6 5. a4 a6 6. Nc3 Nf6 7. Nd5 O-O 8. O-O d6 9. Nxb6 cxb6 10. d3 Bg4 11. c3 d5 12. exd5 Nxd5 13. Bd2 Rc8 14. h3 Bh5 15. Re1 f6 16. Qb3 Bxf3 17. gxf3 Ne7 18. f4 Kh8 19. fxe5 fxe5 20. Rxe5 Nf4 21. Bxf4 Rxf4 22. Rae1 Ng6 23. Re8+ Qxe8 24. Rxe8+ Rxe8 25. Qd1 Nh4 26. Bd5 Ref8 27. Qe2 R4f5 28. Bxb7 Ng6 29. Be4 Nf4 30. Qe3 Rh5 31. Qxb6 Nxh3+ 32. Kf1 Nxf2 33. Qxf2 Rxf2+ 34. Kxf2 Kg8 35. c4 Kf7 36. b5 axb5 37. axb5 Ke7 38. d4 Kd6 39. Ke3 Rh3+ 40. Bf3 g5 41. c5+ Kd7 42. Ke4 Rh4+ 43. Ke5 g4 44. Bd5 g3 45. Bf3 Rh5+ 46. Kf4 Rh4+ 47. Ke3 Rh2 48. b6 Rb2 49. c6+ Kd6 50. c7 Rc2 51. Kd3 Rxc7 52. bxc7 Kxc7 53. Ke4 h5 54. Kf4 h4 55. Kg4 Kd6 56. Kxh4 1-0


[Site "https://www.chess.com"]

[Event "Titled Tuesday Blitz May 9 Early 2023"]
[White "Kamsky, Gata"]
[Black "Lavrik, Dmitry"]
[WhiteFideId "2000024"]
[BlackFideId "24113190"]
[WhiteElo "2660"]
[BlackElo "2345"]
[Result "0-1"]
[Round "06"]
[TimeControl "180+2"]
[Date "2023.05.09"]
[WhiteClock "0:00:15"]
[BlackClock "0:00:40"]

1. e4 c5 2. Nc3 Nc6 3. Bc4 e6 4. Nf3 Nf6 5. O-O d5 6. exd5 exd5 7. Bb5 Be7 8. Ne5 Qc7 9. Re1 O-O 10. Bxc6 bxc6 11. d3 Bd6 12. Nf3 Bg4 13. h3 Bh5 14. Bg5 Nd7 15. g4 Bg6 16. Nh4 Rab8 17. Rb1 Rbe8 18. Qd2 f6 19. Bh6 gxh6 20. Nxg6 Rxe1+ 21. Rxe1 hxg6 22. Qxh6 Ne5 23. f4 Nf3+ 24. Kf2 Nxe1 25. Qxg6+ Qg7 0-1


[Site "https://www.chess.com"]

[Event "Titled Tuesday Blitz May 9 Early 2023"]
[White "Djokic, Mihailo"]
[Black "Galchenko, Matvey"]
[WhiteFideId "976440"]
[BlackFideId "24175480"]
[WhiteElo "2294"]
[BlackElo "2423"]
[Result "0-1"]
[Round "06"]
[TimeControl "180+2"]
[Date "2023.05.09"]
[WhiteClock "0:00:01"]
[BlackClock "0:00:05"]

1. e4 e6 2. d4 d5 3. Nc3 Bb4 4. e5 Ne7 5. a3 Bxc3+ 6. bxc3 c5 7. h4 Qc7 8. h5 cxd4 9. cxd4 Qc3+ 10. Bd2 Qxd4 11. Nf3 Qe4+ 12. Be3 Nf5 13. Bd3 Nxe3 14. fxe3 Qxe3+ 15. Kf1 b6 16. h6 gxh6 17. Qe1 Qxe1+ 18. Rxe1 Ba6 19. Rxh6 Bxd3+ 20. cxd3 Nc6 21. Rc1 Rc8 22. Kf2 Ne7 23. Rxc8+ Nxc8 24. Ng5 Ne7 25. Nxh7 Ng6 26. Nf6+ Ke7 27. Rxh8 Nxh8 28. Ke3 Ng6 29. d4 Kd8 30. Nh7 b5 31. Ng5 Ke7 32. Kd3 Nf4+ 33. Kc3 a5 34. g4 Ng6 35. Nf3 Kf8 36. Kb3 Ne7 37. a4 b4 38. Kc2 Nc6 39. Kd3 Kg7 40. Nd2 Kg6 41. Nf3 Nb8 42. Kc2 Nd7 43. Kb2 Nb6 44. Kb3 Nc4 45. Ka2 Ne3 46. g5 Nc4 47. Kb3 Nb6 48. Kc2 Nxa4 49. Nd2 Nb6 50. Nb3 Nc4 51. Kd3 Kxg5 52. Nc5 Kf5 53. Nb7 a4 54. Nd6+ Kg6 55. Nb5 a3 56. Kc2 a2 0-1


[Site "https://www.chess.com"]

[Event "Titled Tuesday Blitz May 9 Early 2023"]
[White "Khumalo, Keith"]
[Black "Livaic, Leon"]
[WhiteFideId "14319470"]
[BlackFideId "14531534"]
[WhiteElo "2056"]
[BlackElo "2522"]
[Result "0-1"]
[Round "06"]
[TimeControl "180+2"]
[Date "2023.05.09"]
[WhiteClock "0:01:52"]
[BlackClock "0:00:35"]

1. d4 Nf6 2. c4 e6 3. Nf3 d5 4. g3 dxc4 5. Bg2 a6 6. O-O Nc6 7. e3 Rb8 8. Qe2 b5 9. Rd1 Be7 10. e4 O-O 11. Nc3 Nb4 12. Ne1 Bb7 13. a4 Qe8 14. axb5 axb5 15. Bf4 Qd7 16. Bh3 Qc6 17. Bg2 Ra8 18. d5 exd5 19. exd5 Qd7 20. Rxa8 Rxa8 21. Nxb5 Qxb5 22. Qxe7 Nbxd5 23. Qe5 Re8 24. Qd4 Nxf4 25. Qxf4 Bxg2 26. Nxg2 Qxb2 27. Qxc4 Qe5 28. Re1 Qd6 29. Rxe8+ Nxe8 30. Ne3 g6 31. h4 Nf6 32. Qc3 c5 33. f3 Qxg3+ 34. Ng2 Qd6 35. Kf2 Nh5 36. Ne3 Qg3+ 37. Ke2 Nf4+ 0-1


[Site "https://www.chess.com"]

[Event "Titled Tuesday Blitz May 9 Early 2023"]
[White "Grigoriants, Sergey"]
[Black "Veiga, Jose Francisco R P Neves"]
[WhiteFideId "4130804"]
[BlackFideId "1930087"]
[WhiteElo "2502"]
[BlackElo "2320"]
[Result "1-0"]
[Round "06"]
[TimeControl "180+2"]
[Date "2023.05.09"]
[WhiteClock "0:01:02"]
[BlackClock "0:00:26"]

1. d4 Nf6 2. c4 e6 3. g3 c5 4. d5 exd5 5. cxd5 d6 6. Bg2 g6 7. Nc3 Bg7 8. Nf3 O-O 9. O-O Na6 10. Bf4 Nc7 11. a4 b6 12. Nd2 Bb7 13. Nc4 Nfe8 14. e4 Qe7 15. Re1 Rd8 16. Qb3 g5 17. Bd2 h6 18. a5 Ba6 19. axb6 Bxc4 20. Qxc4 axb6 21. Ra7 Ra8 22. Rb7 Nf6 23. Nb5 Rfc8 24. e5 dxe5 25. Rxc7 Rxc7 26. d6 1-0


[Site "https://www.chess.com"]

[Event "Titled Tuesday Blitz May 9 Early 2023"]
[White "Donchenko, Alexander"]
[Black "Sharapov, Evgeny"]
[WhiteFideId "24603295"]
[BlackFideId "14103133"]
[WhiteElo "2554"]
[BlackElo "2367"]
[Result "1-0"]
[Round "06"]
[TimeControl "180+2"]
[Date "2023.05.09"]
[WhiteClock "0:01:22"]
[BlackClock "0:00:48"]

1. Nf3 c5 2. g3 Nc6 3. c4 e5 4. Nc3 g6 5. Bg2 Bg7 6. O-O d6 7. a3 a5 8. Ne1 Be6 9. d3 Nge7 10. Nc2 d5 11. cxd5 Nxd5 12. Ne3 Nde7 13. Nc4 O-O 14. Be3 b6 15. Qb3 Rb8 16. Qb5 Nd4 17. Bxd4 exd4 18. Ne4 Bd7 19. Qa6 Qc7 20. Ned6 b5 21. Qxa5 Qxa5 22. Nxa5 c4 23. dxc4 bxc4 24. Naxc4 Be6 25. Rac1 Rfd8 26. Rfd1 Nc8 27. Nb7 Rd7 28. Nc5 Rc7 29. Nxe6 fxe6 30. b4 Ra7 31. Na5 Ne7 32. Rc5 Rb6 33. Rdc1 h5 34. h4 d3 35. exd3 Bb2 36. Rc7 Rxc7 37. Rxc7 Nd5 38. Rc8+ Kg7 39. Nc4 1-0


[Site "https://www.chess.com"]

[Event "Titled Tuesday Blitz May 9 Early 2023"]
[White "Pranav, V"]
[Black "Mekhitarian, Krikor Sevag"]
[WhiteFideId "25060783"]
[BlackFideId "2107660"]
[WhiteElo "2515"]
[BlackElo "2604"]
[Result "1-0"]
[Round "06"]
[TimeControl "180+2"]
[Date "2023.05.09"]
[WhiteClock "0:00:46"]
[BlackClock "0:00:00"]

1. e4 e6 2. d3 d5 3. Nd2 Nc6 4. Ngf3 e5 5. c3 a5 6. Be2 Nf6 7. O-O Be7 8. Re1 O-O 9. Bf1 dxe4 10. dxe4 h6 11. Qc2 Be6 12. Nc4 Nd7 13. h3 a4 14. Be3 Qc8 15. b4 axb3 16. axb3 b5 17. Nb2 Qb7 18. Nd3 b4 19. c4 Rxa1 20. Rxa1 Ra8 21. Rd1 Qa6 22. Bc1 f6 23. Bb2 Nc5 24. Nh4 Nxd3 25. Bxd3 Bc5 26. Nf5 Qb6 27. Qe2 Ra2 28. Bb1 Bxf2+ 29. Kf1 Rxb2 30. Qxb2 Bc5 31. Qe2 Bxf5 32. exf5 Nd4 33. Qh5 Qc6 34. Rd3 Qe4 35. Qe8+ Kh7 36. Qg6+ Kh8 37. Qxg7+ Kxg7 38. Rg3+ Kf8 39. Bxe4 Ke7 40. Ke1 1-0


[Site "https://www.chess.com"]

[Event "Titled Tuesday Blitz May 9 Early 2023"]
[White "Bok, Benjamin"]
[Black "Sousa, Andre Ventura"]
[WhiteFideId "1017063"]
[BlackFideId "1917617"]
[WhiteElo "2657"]
[BlackElo "2333"]
[Result "1-0"]
[Round "06"]
[TimeControl "180+2"]
[Date "2023.05.09"]
[WhiteClock "0:00:11"]
[BlackClock "0:00:00"]

1. d4 Nf6 2. c4 e6 3. Nc3 d5 4. cxd5 exd5 5. Bg5 c6 6. e3 h6 7. Bh4 Be7 8. Bd3 O-O 9. Nge2 Re8 10. O-O Nbd7 11. a4 a5 12. f3 Nh5 13. Bxe7 Qxe7 14. e4 dxe4 15. fxe4 Nf8 16. e5 Qg5 17. Ne4 Qe3+ 18. Kh1 Bg4 19. Nd6 Rad8 20. Ra3 g6 21. Nxe8 Rxd4 22. Nd6 Qxe5 23. Nxf7 Qd5 24. Nxh6+ Kg7 25. Nxg4 Rxg4 26. Rf3 Ne6 27. Qb3 Qe5 28. Qc3 Nd4 29. Nxd4 Rxd4 30. Ra1 Nf4 31. Raf1 c5 32. Rxf4 b6 33. Rxd4 cxd4 34. Qc4 1-0


[Site "https://www.chess.com"]

[Event "Titled Tuesday Blitz May 9 Early 2023"]
[White "Nguyen, Ngoc Truong Son"]
[Black "Kohler, Aran"]
[WhiteFideId "12401110"]
[BlackFideId "1002856"]
[WhiteElo "2556"]
[BlackElo "2374"]
[Result "1-0"]
[Round "06"]
[TimeControl "180+2"]
[Date "2023.05.09"]
[WhiteClock "0:00:58"]
[BlackClock "0:00:37"]

1. d4 Nf6 2. c4 c5 3. d5 b5 4. cxb5 a6 5. bxa6 g6 6. Nc3 Bxa6 7. e4 Bxf1 8. Kxf1 d6 9. h3 Bg7 10. Nf3 O-O 11. g3 Nbd7 12. Kg2 Qb6 13. Qe2 Rfb8 14. a4 Ne8 15. h4 h6 16. h5 g5 17. Nb5 Nc7 18. Bxg5 Nxb5 19. axb5 Rxa1 20. Rxa1 hxg5 21. Nxg5 Qxb5 22. Qg4 Ne5 23. Qf5 Qxb2 24. Ra7 Re8 25. h6 Bf6 26. Rxe7 Rxe7 27. Qc8+ 1-0


[Site "https://www.chess.com"]

[Event "Titled Tuesday Blitz May 9 Early 2023"]
[White "Salinas Herrera, Pablo"]
[Black "De Silva, L M S T"]
[WhiteFideId "3407128"]
[BlackFideId "9953698"]
[WhiteElo "2546"]
[BlackElo "2395"]
[Result "1-0"]
[Round "06"]
[TimeControl "180+2"]
[Date "2023.05.09"]
[WhiteClock "0:00:28"]
[BlackClock "0:00:13"]

1. e4 e5 2. Nf3 Nc6 3. Bc4 Nf6 4. d3 h6 5. O-O d6 6. a4 g5 7. Nc3 g4 8. Nd2 h5 9. f4 exf4 10. Rxf4 Bh6 11. Rf1 Ne5 12. Bb3 g3 13. h3 Be3+ 14. Kh1 Bxh3 15. gxh3 g2+ 16. Kxg2 Rg8+ 17. Kh1 Qd7 18. Rf5 Rg1+ 19. Qxg1 Bxg1 20. Kxg1 O-O-O 21. Nf3 Nxf3+ 22. Rxf3 Rg8+ 23. Kh1 h4 24. Ne2 Nh5 25. Rf5 Ng7 26. Rf3 Nh5 27. Kh2 Qe7 28. Bf4 Nxf4 29. Rxf4 Qe5 30. Rg1 Rg6 31. d4 Qh5 32. Rgg4 Rxg4 33. hxg4 Qg5 34. Kh3 c5 35. dxc5 dxc5 36. Bxf7 Kd8 37. Bc4 Qe5 38. b3 a6 39. Bd3 b5 40. axb5 axb5 41. Bxb5 Qb2 42. Bd3 c4 43. bxc4 Kc7 44. Kxh4 Qa1 45. g5 Qh1+ 46. Kg4 Qg2+ 47. Ng3 Qd2 48. g6 Kb6 49. g7 Kc5 50. g8=Q Kb4 51. Qb8+ Ka3 52. Qb3# 1-0


[Site "https://www.chess.com"]

[Event "Titled Tuesday Blitz May 9 Early 2023"]
[White "Simonian, Hrair"]
[Black "Perez Ponsa, Federico"]
[WhiteFideId "13302337"]
[BlackFideId "117927"]
[WhiteElo "2447"]
[BlackElo "2590"]
[Result "1-0"]
[Round "06"]
[TimeControl "180+2"]
[Date "2023.05.09"]
[WhiteClock "0:00:59"]
[BlackClock "0:01:28"]

1. e4 c6 2. d4 d5 3. Nc3 dxe4 4. Nxe4 Nf6 5. Nxf6+ exf6 6. c3 Bd6 7. Bd3 O-O 8. Qc2 Re8+ 9. Ne2 h5 10. O-O h4 11. h3 Na6 12. Bd2 Nc7 13. Rae1 Be6 14. c4 Qd7 15. f4 f5 16. Kh1 Rad8 17. Ng1 b5 18. b3 bxc4 19. bxc4 Be7 20. Nf3 Bf6 21. Bc3 Qd6 22. Bxf5 Bxc4 23. Bh7+ Kh8 24. Ne5 Bd5 25. Be4 Bxe5 26. fxe5 Qe6 27. Qf2 Kg8 28. Qxh4 Bxe4 29. Rxe4 Qxa2 30. Rg4 Qc2 31. Qf6 Ne6 32. Qxf7+ 1-0


[Site "https://www.chess.com"]

[Event "Titled Tuesday Blitz May 9 Early 2023"]
[White "Sieciechowicz, Marcin"]
[Black "Seemann, Jakub"]
[WhiteFideId "1130170"]
[BlackFideId "21874697"]
[WhiteElo "2302"]
[BlackElo "2364"]
[Result "0-1"]
[Round "06"]
[TimeControl "180+2"]
[Date "2023.05.09"]
[WhiteClock "0:00:00"]
[BlackClock "0:00:03"]

1. d4 Nf6 2. Bf4 e6 3. e3 c5 4. c3 Nc6 5. Nf3 d5 6. Nbd2 Nh5 7. Bg3 Nxg3 8. hxg3 cxd4 9. cxd4 Bd6 10. Bd3 h6 11. a3 Bd7 12. Rc1 Qb6 13. Qb3 O-O 14. Qxb6 axb6 15. Ke2 Rfc8 16. g4 f6 17. Nh4 Na5 18. f4 b5 19. Nhf3 b4 20. axb4 Bxb4 21. f5 Bd6 22. e4 Bf4 23. Rxc8+ Rxc8 24. e5 Nc6 25. fxe6 Bxe6 26. Bf5 Kf7 27. Bxe6+ Kxe6 28. exf6 Kxf6 29. Rh5 Re8+ 30. Kf1 Ne7 31. Kf2 g6 32. Rh1 Nc6 33. Rd1 Be3+ 34. Kg3 Nxd4 35. Nxd4 Bxd4 36. Nf3 Be5+ 37. Kf2 Rd8 38. b3 Bc7 39. Nd4 Bb6 40. Kf3 Bxd4 41. Rxd4 Ke5 42. Rb4 d4 43. Ke2 Rd7 44. Rb6 Rg7 45. g3 Ke4 46. Re6+ Kd5 47. Rf6 Ke5 48. Rb6 h5 49. gxh5 gxh5 50. Rh6 Rxg3 51. Rxh5+ Ke4 52. Rh4+ Kd5 53. Rh7 Rxb3 54. Kd2 b5 55. Kc2 Kc4 56. Rc7+ Kb4 57. Rb7 Rc3+ 58. Kd2 Kc4 59. Rc7+ Kb3 60. Rd7 Rc4 61. Kd3 b4 62. Rh7 Rc3+ 63. Kxd4 Ka3 64. Ra7+ Kb2 65. Rb7 b3 66. Rb8 Rc2 67. Kd3 Ka2 68. Ra8+ Kb1 69. Rh8 b2 70. Rh1+ Rc1 71. Rh8 Rc6 72. Kd2 Rc7 73. Rh6 Ra7 74. Rh5 Ka2 0-1


[Site "https://www.chess.com"]

[Event "Titled Tuesday Blitz May 9 Early 2023"]
[White "Sahib Singh"]
[Black "Remizov, Yaroslav"]
[WhiteFideId "25618342"]
[BlackFideId "34134015"]
[WhiteElo "1934"]
[BlackElo "2400"]
[Result "0-1"]
[Round "06"]
[TimeControl "180+2"]
[Date "2023.05.09"]
[WhiteClock "0:01:29"]
[BlackClock "0:01:06"]

1. e4 c6 2. d4 d5 3. Nc3 dxe4 4. Nxe4 Nf6 5. Nxf6+ exf6 6. c3 Bd6 7. Bd3 O-O 8. Qc2 Re8+ 9. Ne2 h5 10. Be3 Nd7 11. O-O Nf8 12. Ng3 Qc7 13. Rfe1 h4 14. Nf1 h3 15. g3 Bg4 16. Be2 Qd7 17. Bxg4 Qxg4 18. Qd1 Qe4 19. f3 Qd5 20. Kf2 Rad8 21. Qb3 Qh5 22. a4 c5 23. d5 Ng6 24. f4 Qf5 25. Nd2 Ne5 26. Kg1 Nd3 27. Re2 Bxf4 28. Rf1 Rxe3 29. Rxf4 Qe5 30. Re4 Rxe2 31. Rxe5 Nxe5 32. Nc4 Nf3+ 33. Kf1 Rde8 34. Nd6 Nxh2+ 35. Kg1 Rg2+ 36. Kh1 Re1# 0-1


[Site "https://www.chess.com"]

[Event "Titled Tuesday Blitz May 9 Early 2023"]
[White "Piesik, Piotr"]
[Black "Molina, Roberto Junio Brito"]
[WhiteFideId "1136194"]
[BlackFideId "2109450"]
[WhiteElo "2299"]
[BlackElo "2376"]
[Result "0-1"]
[Round "06"]
[TimeControl "180+2"]
[Date "2023.05.09"]
[WhiteClock "0:01:00"]
[BlackClock "0:01:03"]

1. Nf3 d5 2. g3 c6 3. Bg2 Bg4 4. O-O Nd7 5. d3 e6 6. Nbd2 Bd6 7. e4 Ne7 8. h3 Bh5 9. Qe1 O-O 10. Nh4 Ng6 11. Nxg6 Bxg6 12. f4 Re8 13. Kh2 f5 14. Qf2 Qb6 15. exf5 Bc5 16. Qf3 exf5 17. Nb3 Be3 18. a4 Bxc1 19. Raxc1 Nc5 20. Nxc5 Qxc5 21. Qf2 Qxf2 22. Rxf2 Re3 23. b4 Kf7 24. b5 Ke6 25. bxc6 bxc6 26. Rb1 Kd6 27. Rb7 Re7 28. Rxe7 Kxe7 29. Re2+ Kd6 30. c4 Bf7 31. cxd5 Bxd5 32. Bxd5 cxd5 33. Re5 g6 34. g4 Rf8 35. Kg3 Rf7 36. Re8 Kc5 37. gxf5 gxf5 38. Kh4 Kd4 39. Re5 Kxd3 40. Rxd5+ Ke4 41. Rb5 Kxf4 42. a5 Ke3 43. Kg5 f4 44. a6 f3 45. Rb7 Rf8 46. Rxa7 f2 0-1


[Site "https://www.chess.com"]

[Event "Titled Tuesday Blitz May 9 Early 2023"]
[White "Ismagilov, Damir"]
[Black "Yuan, Qingyu"]
[WhiteFideId "34199982"]
[BlackFideId "8609772"]
[WhiteElo "2143"]
[BlackElo "2359"]
[Result "0-1"]
[Round "06"]
[TimeControl "180+2"]
[Date "2023.05.09"]
[WhiteClock "0:00:06"]
[BlackClock "0:00:05"]

1. d4 d5 2. c4 c6 3. Nc3 Nf6 4. Nf3 e6 5. Bg5 Nbd7 6. cxd5 exd5 7. e3 Be7 8. Bd3 Ne4 9. Bf4 Qa5 10. Qc2 Ndf6 11. O-O Nxc3 12. bxc3 O-O 13. c4 h6 14. Ne5 c5 15. dxc5 Qxc5 16. Rfd1 Be6 17. Rac1 Rac8 18. Qb1 Qb6 19. Qa1 Qa5 20. h3 Rc5 21. cxd5 Nxd5 22. Rxc5 Bxc5 23. Bg3 Bb4 24. Nc4 Qa4 25. Rc1 Rc8 26. Kh2 Be7 27. Qb2 b6 28. Ne5 Rxc1 29. Qxc1 Qxa2 30. Qc6 Qa3 31. Bc4 Qc5 32. Qa8+ Bf8 33. Qxa7 b5 34. Bb3 Qxa7 0-1


[Site "https://www.chess.com"]

[Event "Titled Tuesday Blitz May 9 Early 2023"]
[White "Prohaszka, Peter"]
[Black "Danielyan, Vahe"]
[WhiteFideId "726265"]
[BlackFideId "13304828"]
[WhiteElo "2626"]
[BlackElo "2423"]
[Result "1-0"]
[Round "06"]
[TimeControl "180+2"]
[Date "2023.05.09"]
[WhiteClock "0:00:04"]
[BlackClock "0:00:00"]

1. d4 Nf6 2. c3 d5 3. Nf3 Bf5 4. Qb3 Qc8 5. Bf4 Nbd7 6. e3 e6 7. c4 Be7 8. Nc3 c6 9. Rc1 O-O 10. h3 a5 11. cxd5 exd5 12. Be2 Re8 13. O-O Nf8 14. Ne5 Ng6 15. Bh2 Nxe5 16. dxe5 Ne4 17. Nxd5 Nd2 18. Nxe7+ Rxe7 19. Qa3 Nxf1 20. Qxe7 Nxh2 21. Kxh2 Qe6 22. Qxb7 Rd8 23. Qc7 Rc8 24. Qd6 Qxa2 25. Rxc6 Re8 26. Rc7 Qxb2 27. Bc4 Bg6 28. e6 fxe6 29. Bxe6+ Kh8 30. Bf7 Bxf7 31. Rxf7 Rg8 32. Qf4 h6 33. Ra7 Qb5 34. Qc7 Qf5 35. Qf4 Qc5 36. Ra6 Qb5 37. Rxh6+ 1-0


[Site "https://www.chess.com"]

[Event "Titled Tuesday Blitz May 9 Early 2023"]
[White "Averjanov, Alexey"]
[Black "Garv Gaur"]
[WhiteFideId "14109867"]
[BlackFideId "45030839"]
[WhiteElo "2707"]
[BlackElo "2068"]
[Result "1-0"]
[Round "06"]
[TimeControl "180+2"]
[Date "2023.05.09"]
[WhiteClock "0:01:00"]
[BlackClock "0:00:00"]

1. d4 Nf6 2. c4 e6 3. Nf3 b6 4. g3 Ba6 5. Nbd2 c5 6. Bg2 Bb7 7. O-O cxd4 8. Nxd4 Bxg2 9. Kxg2 d5 10. Qa4+ Nbd7 11. cxd5 Nxd5 12. Rd1 Bc5 13. Ne4 O-O 14. Nxc5 Nxc5 15. Qa3 Qf6 16. Qf3 Rac8 17. Qxf6 Nxf6 18. Bg5 Rfd8 19. Bxf6 gxf6 20. Rac1 a6 21. Kf3 Kf8 22. e3 Ke7 23. b4 Na4 24. a3 f5 25. h4 Kf6 26. Ne2 Rxc1 27. Rxd8 Ra1 28. Ra8 Rxa3 29. Rxa6 Ra2 30. Nc1 Rc2 31. Rxa4 Rxc1 32. Ra6 Rb1 33. Rxb6 Rb2 34. Rb7 h6 35. b5 Kg6 36. b6 Kf6 37. Rb8 Kg6 38. b7 Kg7 39. Kg2 Kf6 40. Kf1 h5 41. Ke1 Ke5 42. Kf1 Ke4 43. Kg2 Rb5 44. Rh8 Rxb7 45. Rxh5 Ke5 46. Kf3 Rb2 47. Rh6 Kd6 48. Rh8 Ke7 49. Rc8 Kf6 50. Rc7 Kg6 51. Rc6 Kg7 52. Rc4 Kg6 53. Kg2 Kf6 54. e4 fxe4 55. Rxe4 Kg6 56. Rf4 f6 57. Rg4+ Kh6 58. Re4 e5 59. Re3 Rb6 60. Kf3 Kg6 61. g4 Rb4 62. Kg3 Rf4 63. Ra3 Rc4 64. f3 Rc6 65. Ra5 Rb6 66. Rd5 Ra6 67. Rd7 Rb6 68. Re7 Ra6 69. Re8 Rb6 70. Rg8+ Kh7 71. Rf8 Kg6 72. Ra8 Rc6 73. h5+ Kh6 74. Rg8 Kh7 75. Rg6 1-0


[Site "https://www.chess.com"]

[Event "Titled Tuesday Blitz May 9 Early 2023"]
[White "Hua, Lefong"]
[Black "Staudenhocker43"]
[WhiteFideId "2602253"]
[WhiteElo "2706"]
[BlackElo "2515"]
[Result "1-0"]
[Round "06"]
[TimeControl "180+2"]
[Date "2023.05.09"]
[WhiteClock "0:00:48"]
[BlackClock "0:00:00"]

1. d4 d5 2. c4 c6 3. Nf3 Nf6 4. Nc3 e6 5. e3 Nbd7 6. Qc2 Bd6 7. b3 O-O 8. Be2 b6 9. Bb2 Bb7 10. O-O Qe7 11. Rad1 Rad8 12. Rfe1 Rfe8 13. h3 h6 14. Bf1 c5 15. cxd5 exd5 16. Qb1 a6 17. Bd3 Ne4 18. dxc5 bxc5 19. Bxe4 dxe4 20. Nd2 Nf6 21. Nc4 Bb8 22. Ne2 Nd5 23. a3 Qg5 24. Kf1 Re6 25. Ng1 Rg6 26. Qxe4 Nxe3+ 27. Qxe3 Qxg2+ 28. Ke2 Rxd1 29. Kxd1 Re6 30. Qd2 Rxe1+ 31. Qxe1 Bh2 32. Ne2 Qf3 33. Qc3 Qh1+ 34. Kd2 Qd5+ 35. Kc1 f6 36. Ne3 Qh1+ 37. Kd2 Be5 38. Qc4+ Kh7 39. Bxe5 fxe5 40. Qxc5 Qe4 41. Qc2 1-0


[Site "https://www.chess.com"]

[Event "Titled Tuesday Blitz May 9 Early 2023"]
[White "ArrestingPieces"]
[Black "Kucuksari, Kaan"]
[BlackFideId "6380166"]
[WhiteElo "2406"]
[BlackElo "2364"]
[Result "0-1"]
[Round "06"]
[TimeControl "180+2"]
[Date "2023.05.09"]
[WhiteClock "0:00:08"]
[BlackClock "0:00:08"]

1. e4 c5 2. c3 Nf6 3. e5 Nd5 4. d4 cxd4 5. cxd4 d6 6. Nf3 Nc6 7. Bc4 Nb6 8. Bb5 dxe5 9. Nxe5 Bd7 10. Nxd7 Qxd7 11. Nc3 e6 12. O-O a6 13. Bxc6 Qxc6 14. Qg4 h5 15. Qg5 Nd5 16. Bd2 Nxc3 17. Bxc3 Qd5 18. Qxd5 exd5 19. Rfe1+ Kd7 20. Re5 f6 21. Rxd5+ Ke6 22. Ra5 b6 23. Re1+ Kd7 24. Rd5+ Kc6 25. Rf5 Bd6 26. h3 h4 27. Rf3 Rae8 28. Rfe3 Rxe3 29. Rxe3 Kd5 30. Kf1 b5 31. a3 Ra8 32. Rf3 a5 33. Rf5+ Kc4 34. Rh5 b4 35. Be1 bxa3 36. bxa3 a4 37. Rxh4 Bxa3 38. d5+ Kb3 39. Rd4 Bb2 40. Rb4+ Kc2 41. Rc4+ Kd3 42. Rb4 a3 43. d6 a2 44. Rxb2 a1=Q 45. Rd2+ Ke4 46. d7 Qa6+ 47. Kg1 Rd8 48. Rd1 Qa4 49. f3+ Kf5 50. Rd5+ Ke6 51. Rd2 Rxd7 52. Re2+ Kf7 53. Bf2 Qc4 54. Re3 Rd1+ 55. Kh2 Rd7 56. h4 Qc7+ 57. g3 Re7 58. Kg2 Rxe3 59. Bxe3 Qc2+ 60. Bf2 0-1


[Site "https://www.chess.com"]

[Event "Titled Tuesday Blitz May 9 Early 2023"]
[White "Salman, Pavel"]
[Black "Andreikin, Dmitry"]
[WhiteFideId "24153753"]
[BlackFideId "4158814"]
[WhiteElo "2187"]
[BlackElo "2736"]
[Result "0-1"]
[Round "06"]
[TimeControl "180+2"]
[Date "2023.05.09"]
[WhiteClock "0:00:00"]
[BlackClock "0:00:24"]

1. Nf3 b5 2. g3 Bb7 3. Bg2 Nf6 4. O-O g6 5. d3 d6 6. e4 Nbd7 7. Nbd2 Bg7 8. a4 b4 9. Nc4 c5 10. Bf4 O-O 11. e5 Nh5 12. exd6 Nxf4 13. gxf4 exd6 14. Nxd6 Bd5 15. Nc4 Nf6 16. Nfe5 Nh5 17. Qg4 f5 18. Qg5 Bf6 19. Qh6 Bg7 20. Qg5 Bf6 21. Qh6 Bxg2 22. Kxg2 Qd4 23. Nxg6 hxg6 24. Qxg6+ Ng7 25. Rg1 Qxf4 26. Kh1 Rae8 27. Rg2 Re2 28. Rag1 Rxf2 29. Rxf2 Qxf2 30. Nd6 Qf3+ 31. Rg2 Qd1+ 32. Rg1 Qf3+ 33. Rg2 Qh3 34. Nxf5 Bd4 35. Nh6+ Qxh6 0-1


[Site "https://www.chess.com"]

[Event "Titled Tuesday Blitz May 9 Early 2023"]
[White "Kozak, Adam"]
[Black "SashaKuzhilniy"]
[WhiteFideId "753246"]
[WhiteElo "2469"]
[BlackElo "2580"]
[Result "1-0"]
[Round "06"]
[TimeControl "180+2"]
[Date "2023.05.09"]
[WhiteClock "0:01:52"]
[BlackClock "0:00:11"]

1. c4 Nf6 2. Nc3 e5 3. Nf3 Nc6 4. e4 Bb4 5. d3 d6 6. a3 Bc5 7. b4 Bb6 8. Be2 Bg4 9. Be3 Bxf3 10. Bxf3 Bd4 11. Rc1 Bxc3+ 12. Rxc3 Nd4 13. O-O c5 14. g3 O-O 15. Bg2 Qd7 16. Rc1 Ne8 17. Rb1 b6 18. f4 f6 19. f5 Nc7 20. g4 h6 21. h4 Kf7 22. g5 hxg5 23. hxg5 Rh8 24. g6+ Ke7 25. Bxd4 exd4 26. bxc5 bxc5 27. e5 dxe5 28. Bxa8 Nxa8 29. Qf3 Nb6 30. Rb5 Kd6 31. Rfb1 Qc6 32. Qxc6+ Kxc6 33. a4 Rh5 34. a5 Nd7 35. Rb7 a6 36. Ra7 Rxf5 37. Rxa6+ Kc7 38. Ra7+ Kc6 39. Rbb7 1-0


[Site "https://www.chess.com"]

[Event "Titled Tuesday Blitz May 9 Early 2023"]
[White "Tang, Andrew"]
[Black "Spitzl, Vinzent"]
[WhiteFideId "2059630"]
[BlackFideId "12901253"]
[WhiteElo "2596"]
[BlackElo "2225"]
[Result "1-0"]
[Round "06"]
[TimeControl "180+2"]
[Date "2023.05.09"]
[WhiteClock "0:01:39"]
[BlackClock "0:00:33"]

1. d4 Nf6 2. c4 e6 3. Nc3 d5 4. cxd5 exd5 5. Bg5 Bb4 6. e3 h6 7. Bh4 O-O 8. Bd3 c6 9. Ne2 Re8 10. O-O Nbd7 11. Qc2 Nf8 12. Rad1 Be7 13. f3 Be6 14. h3 Rc8 15. Bf2 Qd7 16. e4 dxe4 17. fxe4 Rcd8 18. Nf4 Bb4 19. d5 cxd5 20. exd5 Qc7 21. dxe6 Qxf4 22. exf7+ Kxf7 23. Bxa7 Qg3 24. Bc4+ Ne6 25. Bxe6+ Rxe6 26. Rxd8 Bd6 27. Rxd6 Rxd6 28. Bb8 Qe3+ 29. Qf2 1-0


[Site "https://www.chess.com"]

[Event "Titled Tuesday Blitz May 9 Early 2023"]
[White "Gharibyan, Mamikon"]
[Black "Al-Tarboush, Ward"]
[WhiteFideId "13308300"]
[BlackFideId "7601450"]
[WhiteElo "2445"]
[BlackElo "2265"]
[Result "1-0"]
[Round "06"]
[TimeControl "180+2"]
[Date "2023.05.09"]
[WhiteClock "0:00:29"]
[BlackClock "0:00:12"]

1. Nf3 Nf6 2. g3 b6 3. Bg2 Bb7 4. c4 c5 5. Nc3 g6 6. a3 Bg7 7. b4 O-O 8. Rb1 cxb4 9. axb4 d5 10. c5 d4 11. Nb5 Nc6 12. O-O Qd7 13. e3 e5 14. exd4 exd4 15. Nd6 Nd5 16. Nxb7 Qxb7 17. cxb6 Qxb6 18. b5 Ncb4 19. Qa4 Qd6 20. Ba3 a5 21. bxa6 Rfb8 22. a7 Rb7 23. Bxb4 Rxb4 24. Rxb4 Qxb4 25. Qc6 Nb6 26. Qb7 Qa5 27. Rb1 Rxa7 28. Qxb6 Qa2 29. Nxd4 Bxd4 30. Qd8+ Kg7 31. Qxd4+ Kh6 32. Re1 Ra5 33. h4 Qa3 34. Re5 Rxe5 35. Qxe5 Qc1+ 36. Kh2 Qxd2 37. Qf6 Qd7 38. Bh3 Qa7 39. g4 Qc7+ 40. Kg2 Qb7+ 41. Kg3 Qc7+ 42. Qf4+ Qxf4+ 43. Kxf4 f6 44. Ke4 g5 45. h5 Kg7 46. Kf5 Kf7 47. h6 Ke7 48. Bf1 Kf7 49. Bc4+ Ke7 50. Bb3 Kf8 51. Kxf6 Ke8 52. Kxg5 Kf8 53. Kf6 1-0


[Site "https://www.chess.com"]